 Dungeon Crawl Stone Soup version 0.22-a0-565-gfc6459a (webtiles) character file.

38 royokou the Conjurer (level 3, 0/19 HPs)
             Began as a Deep Elf Conjurer on June 28, 2018.
             Slain by Grinder (3 damage)
             ... while paralysed by Grinder
             ... on level 3 of the Dungeon.
             The game lasted 00:06:01 (2061 turns).

royokou the Conjurer (Deep Elf Conjurer)            Turns: 2061, Time: 00:06:01

Health: 0/19       AC:  2    Str:  6    XL:     3   Next: 25%
Magic:  10/10      EV:  2    Int: 19    God:
Gold:   87         SH:  0    Dex: 15    Spells: 6/9 levels left

rFire    . . .     SeeInvis .   s - +0 short sword
rCold    . . .     Gourm    .   (no shield)
rNeg     . . .     Faith    .   a - +0 robe
rPois    +         Spirit   .   (no helmet)
rElec    .         Reflect  .   (no cloak)
rCorr    .         Harm     .   (no gloves)
MR       .....                  (no boots)
Stlth    ++........             (no amulet)
HPRegen  0.06/turn              p - ring of poison resistance
MPRegen  0.12/turn              (no ring)

@: paralysed
A: no striking features
a: no special abilities


You were on level 3 of the Dungeon.
You were not hungry.

You visited 1 branch of the dungeon, and saw 3 of its levels.

You collected 87 gold pieces.

Inventory:

Hand Weapons
 j - a +0 dagger
 q - a +0 morningstar
 s - a +0 short sword (weapon)
Armour
 a - a +0 robe (worn)
 m - a +0 leather armour
Jewellery
 p - a ring of poison resistance (left hand)
Scrolls
 d - 3 scrolls of identify {unknown}
 e - 3 scrolls of teleportation {unknown}
 h - 2 scrolls of amnesia {unknown}
 k - 3 scrolls of random uselessness {unknown}
 l - 3 scrolls of blinking {unknown}
 o - a scroll of enchant weapon {unknown}
 r - a scroll of magic mapping {unknown}
Potions
 b - a potion of mutation {unknown}
 f - 2 potions of cancellation {unknown}
 g - 3 potions of curing {unknown}
 i - a potion of lignification {unknown}
 n - 4 potions of heal wounds {unknown}
Comestibles
 c - 4 rations


   Skills:
 - Level 2.5 Dodging
 - Level 2.4 Stealth
 + Level 3.7 Spellcasting
 + Level 5.2 Conjurations


You had 6 spell levels left.
You knew the following spells:

 Your Spells              Type           Power        Failure   Level  Hunger
a - Magic Dart            Conj           ###.         1%          1    None
b - Searing Ray           Conj           ###...       2%          2    ##.....

Your spell library contained the following spells:

 Spells                   Type           Power        Failure   Level  Hunger
 Iskenderun's Mystic Bla  Conj           ###.....     16%         4    ####...
 Fulminant Prism          Conj/Hex       ##........   43%         4    ####...
 Dazzling Spray           Conj/Hex       ##....       14%         3    ###....
 Force Lance              Conj/Tloc      ##......     43%         4    ####...


Dungeon Overview and Level Annotations

Branches:
Dungeon (3/15)

Altars:

Annotations:
D:2 Sigmund
D:3 Grinder


Message History

Confirm with . or Enter, or press ? or * to list all spells.
Okay, then.
Unknown command.
Unknown command.
Things that are here:
a dagger; 3 stones
n - 4 puce potions (gained 2)
Found 14 stones.
You see here 14 stones.
l - 3 scrolls labeled BEIK SOAGGAIC (gained 1)
You now have 87 gold pieces (gained 5).
Grinder comes into view.
Grinder shouts!
Grinder gestures at you.
You suddenly lose the ability to move!
Grinder hits you.
You writhe in agony.
Grinder hits you!
* * * LOW HITPOINT WARNING * * *
You writhe in agony.
You die...

#.# #.#
#.# #.#
#.# #.#
#.# #.#
#@#
......5.#
#########


You could see Grinder.

Vanquished Creatures
  2 dart slugs (D:1)
  A leopard gecko (D:2)
  6 orcs (D:3)
  A giant cockroach (D:3)
  2 goblins (D:1)
  5 hobgoblins
  2 quokkas
  2 bats (D:1)
  2 frilled lizards (D:1)
  2 kobolds
25 creatures vanquished.

Notes
Turn   | Place    | Note
-------+----------+-------------------------------------------
     0 | D:1      | royokou the Deep Elf Conjurer began the quest for the Orb.
     0 | D:1      | Reached XP level 1. HP: 10/10 MP: 6/6
   211 | D:1      | Reached XP level 2. HP: 15/15 MP: 2/8
   215 | D:1      | Learned a level 2 spell: Searing Ray
   908 | D:2      | Reached skill level 5 in Conjurations
  1309 | D:2      | Noticed Sigmund
  1820 | D:3      | Reached XP level 3. HP: 19/19 MP: 5/10
  2058 | D:3      | Noticed Grinder
  2058 | D:3      | Paralysed by Grinder for 4 turns
  2061 | D:3      | Slain by Grinder

Vault maps used:
D:1:      lemuel_arrival_lava_pool
D:2:      uniq_sigmund
D:3:      first_ration, uniq_grinder

Skill      XL: |  1  2 |
---------------+-------+-----
Conjurations   | 5 |  5.2
Dodging        | |  2.5
Stealth        | |  2.4
Spellcasting   | |  3.7

Action                   || total
-------------------------++-------
Melee: Dagger            ||    16
 Cast: Magic Dart        ||    42
       Searing Ray       ||     1
  Eat: Ration            ||     1
Armor: Robe              ||     1
Dodge: Dodged            ||     9

Table legend:
 A = Spawn XP
 B = Non-spawn XP
 C = Spawn XP percentage of total XP
 D = Spawn monster count
 E = Non-spawn monster count
 F = Spawn count percentage of total count
 G = Total turns spent on level
                    A         B        C        D         E        F      G
               +---------+---------+-------+---------+---------+-------+---------
         Total |       0 |      55 |   0.0 |       0 |      25 |   0.0 |  2061
               +---------+---------+-------+---------+---------+-------+---------
           D:1 |       0 |      19 |   0.0 |       0 |      10 |   0.0 |   877
           D:2 |       0 |      13 |   0.0 |       0 |       6 |   0.0 |   861
           D:3 |       0 |      23 |   0.0 |       0 |       9 |   0.0 |   323
               +---------+---------+-------+---------+---------+-------+---------
